 Dungeon Crawl Stone Soup version 0.21-a0-1-gaf3b9a5 (webtiles) character file.

8 Gorglomux the Vexing (level 2, 0/21 HPs)
             Began as a Vampire Arcane Marksman on May 20, 2017.
             Slain by a bat (1 damage)
             ... on level 1 of the Dungeon.
             The game lasted 00:00:51 (161 turns).

Gorglomux the Vexing (Vampire Arcane Marksman)       Turns: 161, Time: 00:00:52

Health: 0/21       AC:  2    Str:  9    XL:     2   Next: 0%
Magic:  3/3        EV: 12    Int: 15    God:
Gold:   11         SH:  0    Dex: 14    Spells: 2/3 levels left

rFire    . . .     SeeInvis +   a - +0 hunting sling
rCold    . . .     Gourm    .   (no shield)
rNeg     + . .     Faith    .   f - +0 robe
rPois    .         Spirit   .   (no helmet)
rElec    .         Reflect  .   (no cloak)
rCorr    .         Harm     .   (no gloves)
MR       .....                  (no boots)
Stlth    +.........             (no amulet)
Regen    0.1/turn               (no ring)
MPRegen  0.1/turn               (no ring)

@: no status effects
A: fangs 3, see invisible, unbreathing
a: no special abilities


You were on level 1 of the Dungeon.
You were not thirsty.

You visited 1 branch of the dungeon, and saw 1 of its levels.

You collected 11 gold pieces.

Inventory:

Hand Weapons
 a - a +0 hunting sling (weapon)
 h - a +0 short sword
   (You found it on level 1 of the Dungeon)
Missiles
 d - 18 sling bullets (quivered)
Armour
 f - a +0 robe (worn)
Scrolls
 g - a scroll of identify {unknown}
Potions
 b - a potion of haste {unknown}
 e - a potion of blood {@q1}
Books
 c - a book of Debilitation


   Skills:
 + Level 1.1 Fighting
 + Level 1.9 Slings
 - Level 2.1 Dodging
 + Level 0.4 Stealth
 - Level 1.0 Spellcasting
 + Level 4.6 Hexes


You had 2 spell levels left.
You knew the following spells:

 Your Spells              Type           Power        Failure   Level  Hunger
v - Corona                Hex            ##.....      3%          1    ##.....


Dungeon Overview and Level Annotations

Branches:
Dungeon (1/15)

Altars:


Innate Abilities, Weirdness & Mutations

You have razor-sharp teeth.
You have supernaturally acute eyesight. (SInv)
You can survive without breathing.


Message History

You see here a short sword.
h - a short sword The bat closely misses you. x2; The bat hits you but does no damage.
The hobgoblin closely misses you. The bat barely misses you.
Found a stone staircase leading down.
The bat hits you.
The giant cockroach waves its antennae.
The bat hits you but does no damage. The bat hits you but does no damage.
The bat barely misses you. The bat hits you but does no damage. x2
The bat hits you.
Wield which item (- for none, * to show all)? (? for menu, Esc to quit)
h - a +0 short sword (weapon)
The bat closely misses you.
You barely miss the hobgoblin. The bat misses you.
The hobgoblin hits you but does no damage.
You hit the goblin.
You kill the goblin!
The bat hits you but does no damage. The hobgoblin closely misses you.
You hit the hobgoblin.
The hobgoblin hits you but does no damage.
You closely miss the hobgoblin.
The hobgoblin hits you but does no damage.
You closely miss the hobgoblin. The hobgoblin hits you with a club.
You are too injured to fight recklessly!
You are too injured to fight recklessly!
Unknown command.
You closely miss the hobgoblin.
The hobgoblin hits you but does no damage.
You closely miss the hobgoblin. The hobgoblin completely misses you.
You closely miss the hobgoblin. The hobgoblin closely misses you.
You hit the hobgoblin.
You kill the hobgoblin!
The bat misses you.
Aim: a giant cockroach (clinging, chance to defeat MR: 68%)
The giant cockroach is outlined in light.
The bat barely misses you. The giant cockroach barely misses you.
You hit the giant cockroach but do no damage.
The bat misses you. The bat hits you but does no damage.
The giant cockroach bites you. The bat hits you but does no damage.
You hit the giant cockroach. The bat barely misses you.
The giant cockroach closely misses you. x2
You hit the giant cockroach. The bat hits you.
The giant cockroach bites you but does no damage.
You barely miss the giant cockroach. The giant cockroach closely misses you.
The bat hits you.
You barely miss the giant cockroach. The bat hits you.
The giant cockroach bites you but does no damage.
The giant cockroach barely misses you.
You hit the giant cockroach.
You kill the giant cockroach!
You have reached level 2!
The bat barely misses you. The bat hits you but does no damage.
The bat closely misses you. The bat hits you but does no damage.
The bat hits you but does no damage. x2
The bat barely misses you. The bat hits you but does no damage.
The bat closely misses you. The bat completely misses you.
A rat and a giant cockroach come into view.
The rat moves out of view.
The bat hits you. The bat closely misses you.
The bat hits you but does no damage. The bat hits you.
The giant cockroach misses you.
The rat twitches its whiskers.
The bat hits you but does no damage. The bat hits you.
* * * LOW HITPOINT WARNING * * *
The giant cockroach barely misses you. The bat closely misses you.
The bat barely misses you.
You see here 4 gold pieces.
The bat barely misses you. The bat hits you.
* * * LOW HITPOINT WARNING * * *
The bat hits you.
* * * LOW HITPOINT WARNING * * *
The bat closely misses you. The rat barely misses you. The bat misses you.
The bat closely misses you. The bat barely misses you. The bat misses you.
a - a +0 hunting sling (weapon)
The bat hits you but does no damage. The bat misses you.
The teleport trap disappears.
The bat disappears!
Aim: a giant cockroach (clinging)
You shoot a sling bullet.
The sling bullet hits the giant cockroach but does no damage.
The bat hits you.
* * * LOW HITPOINT WARNING * * *
The giant cockroach bites you.
* * * LOW HITPOINT WARNING * * *
Aim: a giant cockroach You shoot a sling bullet.
The sling bullet barely misses the giant cockroach.
The sling bullet barely misses the hobgoblin.
The bat hits you.
* * * LOW HITPOINT WARNING * * *
The bat hits you.
You die...

######### ........#
........#
......$.#####
.......@#.?.####.
......gsb.#......
........r........
.......g#..#..#.
........#.#......
..........#...#..
$.##......####.. #
.####..(......... #.
#.##................


You could see a giant cockroach, 2 hobgoblins, a bat and a rat.

Vanquished Creatures
  A dart slug (D:1)
  A giant cockroach (D:1)
  A goblin (D:1)
  A hobgoblin (D:1)
  A frilled lizard (D:1)
  A rat (D:1)
6 creatures vanquished.

Notes
Turn   | Place    | Note
-------+----------+-------------------------------------------
     0 | D:1      | Gorglomux the Vampire Arcane Marksman began the quest for the Orb.
     0 | D:1      | Reached XP level 1. HP: 14/14 MP: 2/2
    44 | D:1      | Reached skill level 1 in Fighting
   136 | D:1      | Reached XP level 2. HP: 8/21 MP: 1/3
   149 | D:1      | HP: 5/21 [bat (1)]
   160 | D:1      | HP: 4/21 [bat (1)]
   161 | D:1      | HP: 1/21 [bat (1)]
   161 | D:1      | Slain by a bat

Vault maps used:
D:1:      erik_arrival_blinker_ship

Skill      XL: |  1 |
---------------+----+-----
Fighting       | 1 |  1.1
Slings         | |  1.9
Dodging        | |  2.1
Stealth        | |  0.4
Spellcasting   | |  1.0
Hexes          | |  4.6

Action                   || total
-------------------------++-------
Melee: Short sword       ||    15
       Unarmed           ||    15
       Bite              ||     3
 Fire: Hunting sling     ||     2
 Cast: Corona            ||     4
Armor: Robe              ||    29
Dodge: Dodged            ||    51

Vault maps used:
D:1:      erik_arrival_blinker_ship

Table legend:
 A = Turns spent in this place as a percentage of turns spent in the entire game.
 B = Non-inter-level travel turns spent in this place as a percentage of non-inter-level travel turns spent in the entire game.
 C = Inter-level travel turns spent in this place as a percentage of turns spent in this place.
 D = Turns resting spent in this place as a percentage of non-inter-level travel turns spent in this place.
 E = Turns spent auto-exploring this place as a percentage of non-inter-level travel turns spent in this place.
 F = Non-inter-level travel turns spent in this place divided by the number of levels of this place that you've seen.
                   A       B       C       D       E      F
               +-------+-------+-------+-------+-------+----------------------
         Total | 100.0 | 100.0 |   0.0 |   2.8 |   4.2 | 142.0
       Dungeon | 100.0 | 100.0 |   0.0 |   2.8 |   4.2 | 142.0
               +-------+-------+-------+-------+-------+----------------------

Table legend:
 A = Kills in this place as a percentage of kills in entire the game.
 B = Kills by you in this place as a percentage of kills by you in the entire game.
 C = Kills by friends in this place as a percentage of kills by friends in the entire game.
 D = Other kills in this place as a percentage of other kills in the entire game.
 E = Experience gained in this place as a percentage of experience gained in the entire game.
 F = Experience gained in this place divided by the number of levels of this place that you have seen.
                   A       B       C       D       E      F
               +-------+-------+-------+-------+-------+----------------------
         Total | 100.0 | 100.0 |  -nan |  -nan | 100.0 |  12.0
       Dungeon | 100.0 | 100.0 |  -nan |  -nan | 100.0 |  12.0
               +-------+-------+-------+-------+-------+----------------------
